Cogmind - Beta 14 @@@ ROGUE MODE // 2025.05.05 @ 20:51:51 Player: LFMAC Result: Destroyed by OW-J4P(R) with Subdweller Laser Performance ------------- Evolutions (0) 0 Regions Visited (2) 400 Robots Destroyed (23) 115 Value Destroyed (698) 698 Prototype IDs (0) 0 Alien Tech Used (0) 0 Bonus (0) 0 TOTAL SCORE: 1213 Bonus ------- None Cogmind --------- Core Integrity 0/250 Matter 300/300 Energy 98/100 System Corruption 0% Temperature Cool (6) Movement Rolling (150) Ox4 Location -10/Subcaves Parts ------- > --- POWER (1) -------- (None) > --- PROPULSION (2) --- Subdweller Monowheel Subdweller Monowheel > --- UTILITY (2) ------ Huge Storage Unit Targeting Computer > --- WEAPON (2) ------- Light Cannon Bore Cannon > --- INVENTORY (25) --- Subdweller Power Source Light Angular Momentum Engine Carbon-fiber Leg Carbon-fiber Leg Subdweller Monowheel Improved Heat Sink Large Storage Unit Large Matter Pod (150) Structural Scanner ECM Suite Propulsion Shielding Utility Shielding Scrap Shield Subdweller Machine Gun Barrage Gun Grenade Launcher Subdweller Shrapnel Launcher Mining Claw Mining Claw Peak State ------------ > --- POWER ------------ Light Nuclear Core > --- PROPULSION ------- Armored Wheel Subdweller Monowheel > --- UTILITY ---------- Huge Storage Unit Targeting Computer > --- WEAPON ----------- Light Cannon Bore Cannon > --- INVENTORY -------- Subdweller Power Source Light Angular Momentum Engine Carbon-fiber Leg Carbon-fiber Leg Subdweller Monowheel Improved Heat Sink Large Storage Unit Large Matter Pod Structural Scanner ECM Suite Propulsion Shielding Utility Shielding Scrap Shield Subdweller Machine Gun Grenade Launcher Subdweller Shrapnel Launcher Mining Claw Mining Claw [Rating: 18] Favorites ----------- Power Ion Engine Engine Ion Engine Power Core Light Nuclear Core Propulsion Compact Wheel Wheel Compact Wheel Utility Huge Storage Unit Device Structural Scanner Storage Huge Storage Unit Processor Targeting Computer Weapon Light Cannon Ballistic Gun Assault Rifle Ballistic Cannon Light Cannon Slashing Weapon Mining Claw Build | -11 -10 -10 ------- Run | Yrd Mat Sub Slots Evolved . | . . . Power . | . . . Propulsion . | . . . Utility . | . . . Weapon . | . . . Parts Attached 28 | 6 11 11 Power 4 | 1 2 1 Engine 3 | 1 2 . Core 1 | . . 1 Reactor . | . . . Propulsion 9 | 2 2 5 Treads . | . . . Leg . | . . . Wheel 9 | 2 2 5 Hover . | . . . Flight . | . . . Utility 7 | 1 5 1 Device 3 | . 3 . Storage 3 | 1 2 . Processor 1 | . . 1 Hackware . | . . . Protection . | . . . Artifact . | . . . Weapon 8 | 2 2 4 Energy Gun . | . . . Energy Cannon . | . . . Ballistic Gun 3 | 2 . 1 Ballistic Cannon 4 | . 2 2 Launcher . | . . . Special Weapon . | . . . Impact Weapon . | . . . Slashing Weapon 1 | . . 1 Piercing Weapon . | . . . Special Melee Weapon . | . . . Unidentified Prototypes . | . . . Parts Lost 9 | . 2 7 Power 3 | . 1 2 Propulsion 2 | . . 2 Utility 2 | . 1 1 Weapon 2 | . . 2 Highest Loss Streak 6 | . 1 6 To Critical Strikes 1 | . . 1 Average Slot Usage (%) 99 | . 99 99 Engine 9 | . 14 3 Core 4 | . . 10 Wheel 27 | . 28 27 Device 9 | . 13 2 Storage 14 | . 14 14 Processor 4 | . . 11 Ballistic Gun 6 | . 9 1 Ballistic Cannon 20 | . 18 24 Peak Build Rating 18 | 6 11 18 Average Rating 11 | 4 8 15 On Entrance 5 | . 6 11 Naked Turns . | . . . Heaviest Build 97 | 13 92 97 Greatest Support 40 | 32 32 40 Greatest Overweight (x) 8 | . 3 8 Average Overweight (x) 1 | . . 3 Largest Inventory Capacity 25 | 8 25 25 Average Capacity 20 | 7 17 25 Most Carried 21 | 8 19 21 Average Carried 15 | 4 14 19 Final Capacity 25 | 8 25 25 Final Carried 20 | 6 19 20 Class Distribution -------------------- 82% | Mutant 17% | Scavenger-Mutant Dominant Class ---------------- Mutant | -10/Materials Mutant | -10/Subcaves Resources | -11 -10 -10 ----------- Run | Yrd Mat Sub Matter Collected 1147 | 223 456 468 Remotely . | . . . Salvage Created 716 | . 484 232 Parts 50 | . 30 20 Haulers Intercepted . | . . . Recyclers Shooed 1 | . 1 . Parts Field Recycled . | . . . Retrieved Matter . | . . . Parts Self-Destructed 8 | . . 8 Prevented . | . . . Kills | -11 -10 -10 ------- Run | Yrd Mat Sub Combat Hostiles Destroyed 21 | . 13 8 Melee 1 | . . 1 Guns 2 | . 2 . Cannons 18 | . 11 7 Classes Destroyed 5 | . 4 1 Recycler 1 | . 1 . Mechanic 1 | . 1 . Swarmer 5 | . 3 2 Grunt 10 | . 10 . Subdweller 6 | . . 6 Best Kill Streak 4 | . 2 4 Combat Bots Only 4 | . 2 4 Max Kills in Single Turn 2 | . 2 1 Gunslinging . | . . . Exploded . | . . . Melee 1 | . . 1 Uniques/NPCs Destroyed . | . . . Combat | -11 -10 -10 -------- Run | Yrd Mat Sub Hostile Shots Fired 131 | . 69 62 Missed 38 | . 16 22 Damage Taken 1318 | . 559 759 Core 261 | . 119 142 Absorbed by Shields . | . . . Core Remaining (%) 100 | 100 . . Volleys Fired 75 | . 43 32 Largest 2 | . 2 2 Hottest 92 | . 70 92 Shots Fired 140 | . 86 54 Gun 32 | . 28 4 Cannon 108 | . 58 50 Launcher . | . . . Special . | . . . Kinetic 140 | . 86 54 Thermal . | . . . Explosive . | . . . Electromagnetic . | . . . Robot Hit Streak 9 | . 9 6 Robot Miss Streak 8 | . 8 8 Penetration Max . | . . . Secondary Targets . | . . . Shots Hit Robots 72 | . 45 27 Core Hits 32 | . 22 10 Critical Kills 1 | . . 1 Critical Parts Destroyed . | . . . Critical Strikes 3 | . 2 1 Destroy 1 | . . 1 Blast 2 | . 2 . Melee Attacks 1 | . . 1 Impact . | . . . Slashing 1 | . . 1 Piercing . | . . . Sneak Attacks . | . . . Combat Hostiles . | . . . Follow-up Attacks . | . . . Damage Inflicted 1238 | . 710 528 Guns 260 | . 203 57 Cannons 954 | . 507 447 Explosions . | . . . Melee 24 | . . 24 Ramming . | . . . Kinetic 1214 | . 710 504 Thermal . | . . . Explosive . | . . . Electromagnetic . | . . . Impact . | . . . Slashing 24 | . . 24 Piercing . | . . . Highest Corruption . | . . . Average Corruption . | . . . Corruption Purged . | . . . Corruption Blocked . | . . . Overload Shots . | . . . Overflow Damage . | . . . Projectiles . | . . . Explosions . | . . . Melee . | . . . Knockbacks 14 | . 9 5 Impact . | . . . Kinetic 13 | . 8 5 Secondary 1 | . 1 . Self-Inflicted Damage . | . . . Shots . | . . . Rammed . | . . . Targets Rammed . | . . . Kicked . | . . . Crushed . | . . . Highest Temperature 75 | . 75 . Average Temperature 23 | . 23 . Received Heat Transfer 312 | . 189 123 Siege Activations . | . . . Robots Corrupted . | . . . Combat Hostiles . | . . . Parts Fried . | . . . Impact Corruptions . | . . . Robots Melted . | . . . Combat Hostiles . | . . . Parts Melted 1 | . . 1 Heat Transferred . | . . . Parts Sabotaged . | . . . Parts Stolen . | . . . Parts Stripped . | . . . Power Chain Reactions . | . . . Alert | -11 -10 -10 ------- Run | Yrd Mat Sub Peak Influence 230 | . 230 . Initial . | . . . Average 80 | . 84 . Maximum Alert Level 1 | . 1 . Low Security (%) 97 | 100 97 . Level 1 2 | . 2 . Level 2 . | . . . Level 3 . | . . . Level 4 . | . . . Level 5 . | . . . High Security . | . . . Max Security . | . . . Squads Dispatched 2 | . 2 . Investigation . | . . . Extermination . | . . . Reinforcement 2 | . 2 . Assault . | . . . Garrison . | . . . Intercept . | . . . Searches Triggered . | . . . Construction Impeded . | . . . Haulers Reinforced . | . . . Active Scanning Responses . | . . . Cargo Convoy Interrupts . | . . . Stealth | -11 -10 -10 --------- Run | Yrd Mat Sub Distress Signals 3 | . 3 . Communications Jammed . | . . . Distress Signals . | . . . Times Spotted 46 | . 28 18 Peak Tracking Total 9 | . 4 9 Tactical Retreats 6 | . 6 . Traps | -11 -10 -10 ------- Run | Yrd Mat Sub Traps Triggered . | . . . Indirectly . | . . . Trap Hack Attempts . | . . . Triggered . | . . . Disarmed . | . . . Reprogrammed . | . . . Reused . | . . . Traps Extracted . | . . . Installed . | . . . Triggered . | . . . Machines | -11 -10 -10 ---------- Run | Yrd Mat Sub Machines Disabled 1 | . 1 . Max in Single Turn 1 | . 1 . Machines Repaired . | . . . Machines Dismantled . | . . . Machines Sabotaged . | . . . Overloaded Fab Kills . | . . . Hacking | -11 -10 -10 --------- Run | Yrd Mat Sub Machines Accessed 4 | . 4 . Terminals 3 | . 3 . Fabricators . | . . . Repair Stations . | . . . Recycling Units 1 | . 1 . Scanalyzers . | . . . Garrison Access . | . . . Total Hacks 6 | . 6 . Successful 4 | . 4 . Failed 2 | . 2 . Catastrophic 1 | . 1 . Database Lockouts . | . . . Manual 3 | . 3 . Terminals 3 | . 3 . Fabricators . | . . . Repair Stations . | . . . Recycling Units 3 | . 3 . Scanalyzers . | . . . Garrison Access . | . . . Terminal Hacks 1 | . 1 . Alert Level 1 | . 1 . Fabricator Hacks . | . . . Repair Station Hacks . | . . . Recycling Unit Hacks 3 | . 3 . Recycle Component 1 | . 1 . Process 1 | . 1 . Report Inventory 1 | . 1 . Scanalyzer . | . . . Garrison Access Hacks . | . . . Unauthorized Hacks . | . . . Terminals . | . . . Fabricators . | . . . Repair Stations . | . . . Recycling Units . | . . . Scanalyzers . | . . . Garrison Access . | . . . Data Cores Recovered . | . . . Used . | . . . Hacking Detections 2 | . 2 . Full Trace Events . | . . . Feedback Events . | . . . Feedback Blocked . | . . . Robot Schematics Acquired . | . . . Robots Built . | . . . Authchips . | . . . Time . | . . . Total Robot Build Rating . | . . . Part Schematics Acquired . | . . . Parts Built . | . . . Authchips . | . . . Time . | . . . Total Part Build Rating . | . . . Parts Repaired . | . . . Time . | . . . Parts Recycled 1 | . 1 . Recycled Matter 2 | . 2 . Retrieved Matter . | . . . Retrieved Components . | . . . Parts Scanalyzed . | . . . Part Schematics Acquired . | . . . Parts Damaged . | . . . Bothacking | -11 -10 -10 ------------ Run | Yrd Mat Sub Used RIF Installer . | . . . Robots Hacked . | . . . Non-combat . | . . . Combat . | . . . Robot Hacks Applied . | . . . Relay Couplers Released . | . . . Fabnet Peak Effective % . | . . . Robots Rewired . | . . . Allies Hacked . | . . . Hacks Repelled . | . . . Allies | -11 -10 -10 -------- Run | Yrd Mat Sub Total Allies . | . . . Largest Group . | . . . Highest-Rated Group . | . . . Highest-Rated Ally . | . . . Total Orders . | . . . Ally Attacks . | . . . Total Damage . | . . . Kills . | . . . Allies Corrupted . | . . . Allies Melted . | . . . Intel | -11 -10 -10 ------- Run | Yrd Mat Sub Robot Analysis Total . | . . . Derelict Logs Recovered 2 | . . 2 Drone Launches . | . . . Drone Recoveries . | . . . Exploration | -11 -10 -10 ------------- Run | Yrd Mat Sub Turns Passed 2508 | 63 1421 1024 Spaces Moved 1605 | 45 976 584 Core 4 | 4 . . Treads . | . . . Legs . | . . . Wheels 1601 | 41 976 584 Hover . | . . . Flight . | . . . Fastest Speed 50 | 50 100 124 Average Speed 123 | 95 110 147 Slowest Speed 210 | 100 135 210 Overloaded Moves . | . . . Propulsion Burnouts . | . . . Robots Hopped . | . . . Cave-ins Triggered . | . . . Exploration Rate (%) 50 | 5 97 49 Regions Visited 2 Branch Regions 1 Pre-discovered Areas 2 | . . 2 Known Exits Taken . | . . . Unknown Exits Taken 2 | 1 1 . Scrap Searched 4 | . . 4 Spaces Dug . | . . . Terrain Destroyed 8 | . . 8 Melee . | . . . Projectile 8 | . . 8 AOE . | . . . Terrain Rammed . | . . . Walls Destroyed . | . . . Machines Disabled . | . . . Actions | -11 -10 -10 --------- Run | Yrd Mat Sub Total 2006 | 65 1245 696 Wait 194 | 3 152 39 Move 1603 | 44 975 584 Hop . | . . . Pick Up 71 | 12 42 17 Fast Attach . | . . . Attach 20 | 6 6 8 Detach 1 | . . 1 Swap 8 | . 5 3 Drop 33 | . 22 11 Fire 75 | . 43 32 Melee 1 | . . 1 Ram . | . . . Kick . | . . . Crush . | . . . Escape Stasis . | . . . Rewire . | . . . Trap . | . . . Miscellaneous . | . . . Route ------- -11/Scrapyard -10/Materials (discovered 4 exits: [*Mat x3] / [*Sub]) -10/Subcaves History --------- Turn | Location | Event 13 | -11/Scrapyard | Discovered new exit (range 16) 64 | -11/Scrapyard | Entered Materials 313 | -10/Materials | Build established: Mutant 520 | -10/Materials | Discovered new exit (range 8) 806 | -10/Materials | Discovered new exit (range 4) 905 | -10/Materials | Discovered new exit (range 15) 1161 | -10/Materials | Discovered new exit (range 12) 1485 | -10/Materials | Entered Subcaves 1563 | -10/Subcaves | Learned location of Storage (-9) 1677 | -10/Subcaves | Ambushed by swarm of Subdwellers 1683 | -10/Subcaves | Core integrity fell below 50% 1714 | -10/Subcaves | Core integrity fell below 20% 1736 | -10/Subcaves | Lost 3 allies 1752 | -10/Subcaves | Lost 6 parts (1p2n1u2w) 2387 | -10/Subcaves | Build established: Scavenger-Mutant 2504 | -10/Subcaves | Disturbed a concealed Subdweller 2509 | -10/Subcaves | Destroyed by OW-J4P(R) with Subdweller Laser Last Messages --------------- 02493_ Found Flamer. 02493_ Found 58 Matter. 02495_ Searching scrap... 02495_ Found Barrage Gun. 02495_ Found Sub. Beam Cannon. 02495_ Found 68 Matter. 02499_ Acquired Barrage Gun. 02503_ Searching scrap... 02503_ Found Flamer. 02503_ Found Riot Gun. 02503_ Found 35 Matter. 02504_ OW-J4P(R) angrily emerges from the Twisted Machinery. 02505_ HV Slug penetrates OW-J4P(R). 02505_ HV Slug penetrates Twisted Machinery. 02506_ Acquired 11 matter. 02507_ Lgt. Nuclear Core destroyed. 02508_ HV Slug penetrates OW-J4P(R). 02508_ OW-J4P(R) knocked back. 02508_ HV Slug penetrates OW-J4P(R). 02509_ Acquired 11 matter. Map ----- +----------------------------------------------------+ | ?????????????????????????????????????????????????? | | ?????????????????????????????????????????????????? | | ?????????????????????????????????????????????????? | | ?????????????????????????????????????????????????? | | ?????????????????????????????????????????????????? | | ????????????????????????????? ???????????????????? | | ???????????????????????????? ???????????????????? | | ???????????????????????????? ###????????????????? | | ??????????????????????????? ????????????????? | | ??????????????????????????? ????????????????? | | ???????????????????????????? ?#??????????????? | | ????????????????????????????? # ??????????????? | | ?????????????? ??????????????# ???????????????? | | ???????????? ?????????????# # ???????????????? | | ???????????? ?????????????# ###????????####?? | | ???????????? ????????????# # ##??????## ##? | | ????????????? ??????###??# #??????# ## | | ?????????????? ????## ##?# ## #??????## | | ???????????????# ????# ### # #######?# | | ???????????????# #### ### # | | ???????????????# ""# & ! ! ## # | | ???????????????????# | ] ! " = ## # | | ???????????????????# |##]# #"# "### ## | | ?????????????????????#&%%[## # ##"## ###### | | ???????????????????# #<%|<<# ####### #???## | | ???????????????????# R[@<# #????## %###?# | | ???????????????????# ##$<## #????# ### | | ???????????????????????#### ????# ## | | ??????????????????????????? # ????## | | ???????????????????????????# #### | | ???????????????????????????# % | | ????????????????????????????# | | ????????????????????????????## | | ?????????????????????????????# | | ???????????????????????????? ## ###### | | ?????????????????????????? ##?## ###????# | | ?????????????????????????? ## ????# ###??????? | | ???????????????????????????# ????# ####?##?????? | | ???????????????????????????# ????# ????## ##???? | | ??????????????????????????? ???? ##### #???? | | ???????????????????????????????# # ###?# | | ???????????????????????????????# ### | | ??????????????????????????????? " | | ?????????????????????????????? & # ### | | ?????????????????????????????? " ???### #?## | | ???????????????????????????????"?????????## ##??## | | ??????????????????????????????????????????##?????? | | ?????????????????????????????????????????????????? | | ?????????????????????????????????????????????????? | | ?????????????????????????????????????????????????? | +----------------------------------------------------+ Best States ------------- Heat Dissipation 25 Energy Generation 14 Energy Capacity 250 Matter Stores 300 Matter Capacity 300 Sight Range 16 Terrain Scan Range 14 Terrain Scan Density 10 Evasion (%) 40 Targeting Accuracy 5 Item Schematics ----------------- None Robot Schematics ------------------ None Fabricated ------------ Nothing Alien Tech Used ----------------- None Achievements -------------- None Challenges ------------ None Game ------ Seed PlatingBraceMapper Manual? 0 Play Time 00:53:24 Cumulative 23.1 hours Start 2025.05.05 @ 19:51:40 End 2025.05.05 @ 20:51:51 Sessions 1 Manual Loads 0 Difficulty Rogue Special Mode None Game No. 16 Rogue 16 Adventurer 0 Explorer 0 Win Type - Total 0 Types 0/0/0/0/0/0/0/0/0 Lore% 3 Gallery% 21 Achievement% 14 Wizard Run 0 Options --------- Layout 1 ASCII 0 Keyboard 0 Movement Numpad Keybinds 0 Fullscreen 0 Font 20/Terminus Map View 64x42 Zoom Use 0% Tactical HUD 1 Map Filters NONE Filters NONE Steam 1 RUN: ddf8c71f-3105-48d8-af3a-082bfff9af58